General information
- name: BNet
- type: Ladder team game (AT/RT)
- host: Battle.net
- saver: LayMyShovelDown
map: TwilightRuins
- players: 8
- length: 41:14
- speed: Fast
- version: 1.27 W3XP
- replay type: Public
» download(289 KB)
Players
team 1 (loser)
dontTKidiot (
purple | 44 APM | 1810 actions | 41:14)
6 Mountain King
3 Storm Bolt
2 Bash
1 Avatar
1 Archmage
1 Brilliance Aura
» actions
| Assign group hotkey | 2 | |
| Basic commands | 262 | |
| Build / train | 104 | |
| Enter build submenu | 22 | |
| Enter hero's abilities submenu | 7 | |
| Right click | 711 | |
| Select / deselect | 573 | |
| Select group hotkey | 3 | |
| Use ability | 112 | |
1810 total
» units
| Peasant | 21 | |
| Footman | 8 | |
| Goblin Sapper | 1 | |
| Goblin Shredder | 1 | |
| Siege Engine | 4 | |
| Mortar Team | 9 | |
| Knight | 1 | |
| Flying Machine | 3 | |
| Rifleman | 10 | |
| Hippogryph | 2 | |
60 total
» upgrades
| Lumber Harvesting | 2 | |
| Gunpowder | 3 | |
| Plating | 3 | |
| Barrage | 1 | |
| Fragmentation Shards | 1 | |
| Armor | 1 | |
| Flare | 1 | |
| Flying Machine Bombs | 1 | |
| Flak Cannons | 1 | |
14 total
» buildings
| Altar of Kings | 1 | |
| Farm | 11 | |
| Barracks | 1 | |
| Town Hall | 1 | |
| Lumber Mill | 1 | |
| Keep | 3 | |
| Blacksmith | 1 | |
| Arcane Vault | 1 | |
| Scout Tower | 7 | |
| Guard Tower | 7 | |
| Castle | 3 | |
| Gryphon Aviary | 2 | |
| Workshop | 5 | |
| Tree of Life | 1 | |
| Ancient Protector | 1 | |
46 total
» build order
00:19 Altar of Kings
00:23 Farm
00:30 Barracks
01:01 Farm
02:13 Farm
03:36 Town Hall
04:18 Lumber Mill
05:05 Keep
05:06 Keep
05:14 Blacksmith
05:21 Arcane Vault
05:29 Scout Tower
05:30 Scout Tower
05:31 Scout Tower
05:33 Scout Tower
06:07 Guard Tower
06:10 Scout Tower
06:11 Scout Tower
06:26 Guard Tower
06:27 Guard Tower
07:20 Guard Tower
08:10 Castle
08:10 Castle
09:26 Scout Tower
10:10 Guard Tower
10:23 Gryphon Aviary
10:23 Gryphon Aviary
10:31 Workshop
10:32 Workshop
10:33 Workshop
12:16 Workshop
12:19 Workshop
12:22 Farm
12:23 Farm
12:23 Farm
12:24 Farm
20:10 Farm
20:13 Farm
20:13 Farm
20:13 Farm
32:09 Tree of Life
33:16 Ancient Protector
» items
| Scroll of Town Portal | 3 | |
| Potion of Lesser Invulnerability | 1 | |
| Dust of Appearance | 1 | |
| Periapt of Vitality | 1 | |
6 total

»
Dario_Plsc (
blue | 126 APM | 3338 actions | 26:24)
6 Demon Hunter
1 Immolation
3 Mana Burn
1 Evasion
1 Metamorphosis
4 Priestess of the Moon
2 Trueshot Aura
1 Scout
1 Searing Arrows
» actions
| Assign group hotkey | 28 | |
| Basic commands | 422 | |
| Build / train | 96 | |
| ESC pressed | 26 | |
| Enter build submenu | 31 | |
| Enter hero's abilities submenu | 11 | |
| Give item / drop item | 2 | |
| Right click | 986 | |
| Select / deselect | 497 | |
| Select group hotkey | 1093 | |
| Use ability | 146 | |
3338 total
» units
| Wisp | 41 | |
| Huntress | 4 | |
| Goblin Shredder | 1 | |
| Goblin Sapper | 1 | |
| Archer | 10 | |
| Hippogryph | 7 | |
64 total
» upgrades
| Strength of the Moon | 2 | |
| Improved Bows | 1 | |
| Hippogryph Taming | 1 | |
| Moon Armor | 1 | |
| Strength of the Wild | 2 | |
| Reinforced Hides | 1 | |
| Marksmanship | 1 | |
9 total
» buildings
| Altar of Elders | 1 | |
| Moon Well | 8 | |
| Hunter's Hall | 2 | |
| Ancient of War | 2 | |
| Ancient of Wonders | 1 | |
| Ancient Protector | 14 | |
| Tree of Life | 5 | |
| Tree of Ages | 1 | |
| Ancient of Wind | 2 | |
| Tree of Eternity | 1 | |
37 total
» build order
00:12 Altar of Elders
00:14 Moon Well
01:08 Hunter's Hall
01:32 Moon Well
01:57 Ancient of War
02:21 Ancient of Wonders
02:35 Ancient of War
03:16 Moon Well
04:06 Moon Well
04:33 Ancient Protector
04:54 Tree of Life
06:39 Tree of Ages
09:12 Ancient of Wind
09:37 Ancient of Wind
10:20 Moon Well
10:20 Moon Well
10:42 Ancient Protector
10:42 Ancient Protector
11:27 Moon Well
11:28 Moon Well
13:52 Hunter's Hall
14:51 Ancient Protector
14:52 Ancient Protector
14:53 Ancient Protector
15:29 Tree of Eternity
16:38 Ancient Protector
16:38 Ancient Protector
19:42 Tree of Life
20:02 Ancient Protector
20:02 Ancient Protector
20:17 Tree of Life
20:45 Ancient Protector
21:37 Ancient Protector
22:27 Ancient Protector
22:28 Ancient Protector
24:22 Tree of Life
25:25 Tree of Life
» items
| Periapt of Vitality | 1 | |
| Scroll of Town Portal | 3 | |
| Lesser Clarity Potion | 1 | |
| Gauntlets of Ogre Strength +3 | 1 | |
6 total
LayMyShovelDown (
teal | 105 APM | 4350 actions | 41:14)
8 Blademaster
3 Wind Walk
3 Critical Strike
1 Bladestorm
1 Mirror Image
» actions
| Assign group hotkey | 157 | |
| Basic commands | 259 | |
| Build / train | 152 | |
| ESC pressed | 10 | |
| Enter build submenu | 60 | |
| Enter hero's abilities submenu | 8 | |
| Give item / drop item | 16 | |
| Right click | 1625 | |
| Select / deselect | 646 | |
| Select group hotkey | 1175 | |
| Use ability | 242 | |
4350 total
» units
| Peon | 13 | |
| Grunt | 4 | |
| Goblin Shredder | 5 | |
| Kodo Beast | 2 | |
| Troll Headhunter/Berserker | 6 | |
| Raider | 2 | |
| Goblin Sapper | 9 | |
| Goblin Zeppelin | 10 | |
| Wind Rider | 6 | |
| Troll Batrider | 13 | |
70 total
» upgrades
| Armor | 3 | |
| Berserker Strength | 1 | |
| Melee Weapons | 3 | |
| Pillage | 1 | |
| Reinforced Defenses | 1 | |
| War Drums Damage Increase | 1 | |
| Berserker Upgrade | 1 | |
| Troll Regeneration | 1 | |
| Ensnare | 1 | |
| Ranged Weapons | 3 | |
| Envenomed Spears | 1 | |
| Spiked Barricades | 3 | |
| Liquid Fire | 1 | |
| Backpack | 1 | |
| Burning Oil | 1 | |
23 total
» buildings
| Orc Burrow | 9 | |
| Altar of Storms | 1 | |
| Barracks | 2 | |
| War Mill | 1 | |
| Voodoo Lounge | 1 | |
| Great Hall | 4 | |
| Stronghold | 3 | |
| Watch Tower | 35 | |
| Fortress | 2 | |
| Beastiary | 4 | |
62 total
» build order
00:23 Orc Burrow
01:06 Altar of Storms
01:10 Barracks
01:17 Orc Burrow
01:40 War Mill
02:20 Voodoo Lounge
02:51 Orc Burrow
04:20 Great Hall
04:53 Stronghold
04:53 Stronghold
04:54 Stronghold
05:59 Watch Tower
06:01 Watch Tower
06:48 Watch Tower
06:49 Watch Tower
06:59 Watch Tower
07:03 Watch Tower
07:04 Watch Tower
07:09 Watch Tower
07:10 Watch Tower
08:42 Fortress
08:42 Fortress
08:54 Watch Tower
08:55 Watch Tower
08:56 Watch Tower
09:31 Watch Tower
09:32 Watch Tower
09:33 Watch Tower
10:14 Watch Tower
10:16 Watch Tower
10:22 Beastiary
10:38 Beastiary
11:12 Barracks
12:01 Watch Tower
12:02 Watch Tower
12:03 Watch Tower
15:20 Orc Burrow
15:28 Orc Burrow
16:43 Beastiary
16:45 Orc Burrow
18:59 Orc Burrow
19:00 Orc Burrow
19:32 Watch Tower
19:33 Watch Tower
19:34 Watch Tower
20:12 Beastiary
22:36 Orc Burrow
22:46 Watch Tower
22:47 Watch Tower
24:37 Great Hall
24:40 Watch Tower
24:40 Watch Tower
24:48 Watch Tower
24:49 Watch Tower
28:46 Great Hall
29:01 Watch Tower
29:21 Watch Tower
34:25 Great Hall
34:28 Watch Tower
36:37 Watch Tower
36:38 Watch Tower
36:40 Watch Tower
» items
| Healing Salve | 7 | |
| Lesser Clarity Potion | 6 | |
| Claws of Attack +9 | 2 | |
| Gloves of Haste | 1 | |
| Orb of Lightning | 1 | |
| Sentry Wards | 1 | |
| Scroll of Town Portal | 3 | |
| Boots of Speed | 1 | |
| Pendant of Energy | 1 | |
23 total

»
kamo-greens (
red | 32 APM | 898 actions | 28:26)
6 Paladin
2 Holy Light
2 Divine Shield
1 Devotion Aura
1 Resurrection
» actions
| Assign group hotkey | 4 | |
| Basic commands | 10 | |
| Build / train | 67 | |
| Enter build submenu | 29 | |
| Enter hero's abilities submenu | 7 | |
| Right click | 363 | |
| Select / deselect | 365 | |
| Select group hotkey | 7 | |
| Use ability | 46 | |
898 total
» units
| Peasant | 10 | |
| Rifleman | 17 | |
| Goblin Shredder | 1 | |
| Siege Engine | 9 | |
| Knight | 1 | |
38 total
» upgrades
| Lumber Harvesting | 1 | |
| Gunpowder | 3 | |
| Long Rifles | 1 | |
| Barrage | 1 | |
| Swords | 1 | |
7 total
» buildings
| Altar of Kings | 1 | |
| Farm | 11 | |
| Barracks | 1 | |
| Blacksmith | 1 | |
| Lumber Mill | 1 | |
| Keep | 1 | |
| Scout Tower | 5 | |
| Town Hall | 4 | |
| Guard Tower | 6 | |
| Arcane Vault | 1 | |
| Castle | 1 | |
| Workshop | 3 | |
36 total
» build order
00:19 Altar of Kings
00:25 Farm
00:33 Barracks
01:05 Farm
01:51 Blacksmith
02:52 Farm
04:01 Farm
04:46 Lumber Mill
04:48 Keep
04:54 Scout Tower
05:45 Farm
05:48 Farm
06:53 Town Hall
06:56 Guard Tower
07:27 Arcane Vault
07:35 Scout Tower
08:08 Guard Tower
08:12 Scout Tower
08:42 Guard Tower
08:44 Scout Tower
08:55 Farm
09:14 Guard Tower
09:18 Scout Tower
10:22 Guard Tower
10:22 Guard Tower
12:58 Castle
13:03 Workshop
13:09 Workshop
13:16 Workshop
14:31 Farm
14:33 Farm
15:20 Town Hall
16:59 Farm
17:34 Farm
22:22 Town Hall
22:27 Town Hall
» items
| Scroll of Town Portal | 6 | |
| Dust of Appearance | 1 | |
7 total
team 2 (winner)
AIDS_Bringer (
orange | 52 APM | 1016 actions | 19:23)
4 Blademaster
2 Wind Walk
2 Critical Strike
» actions
| Assign group hotkey | 11 | |
| Build / train | 61 | |
| ESC pressed | 7 | |
| Enter build submenu | 17 | |
| Enter hero's abilities submenu | 4 | |
| Give item / drop item | 1 | |
| Right click | 515 | |
| Select / deselect | 254 | |
| Select group hotkey | 94 | |
| Use ability | 52 | |
1016 total
» units
» upgrades
| Berserker Strength | 1 | |
| Ranged Weapons | 3 | |
| Burning Oil | 1 | |
| Reinforced Defenses | 1 | |
6 total
» buildings
| Altar of Storms | 1 | |
| Orc Burrow | 3 | |
| Voodoo Lounge | 1 | |
| Barracks | 2 | |
| Stronghold | 1 | |
| War Mill | 1 | |
| Fortress | 1 | |
| Great Hall | 1 | |
| Watch Tower | 4 | |
15 total
» build order
00:08 Altar of Storms
00:16 Orc Burrow
00:32 Voodoo Lounge
01:54 Barracks
02:16 Barracks
02:56 Orc Burrow
03:00 Orc Burrow
04:43 Stronghold
05:59 War Mill
10:34 Fortress
14:29 Great Hall
14:32 Watch Tower
15:46 Watch Tower
15:47 Watch Tower
16:05 Watch Tower
» items
| Healing Salve | 4 | |
| Scroll of Town Portal | 2 | |
| Scroll of Speed | 1 | |
| Boots of Speed | 1 | |
| Staff of Teleportation | 1 | |
| Potion of Healing | 2 | |
| Orb of Lightning | 1 | |
12 total
Donald.J.Trump (
pink | 151 APM | 2866 actions | 19:01)
4 Archmage
2 Summon Water Elemental
2 Brilliance Aura
2 Goblin Alchemist
1 Healing Spray
1 Acid Bomb
» actions
| Assign group hotkey | 189 | |
| Basic commands | 176 | |
| Build / train | 92 | |
| ESC pressed | 3 | |
| Enter build submenu | 34 | |
| Enter hero's abilities submenu | 6 | |
| Give item / drop item | 3 | |
| Right click | 1051 | |
| Select / deselect | 409 | |
| Select group hotkey | 772 | |
| Use ability | 131 | |
2866 total
» units
| Peasant | 26 | |
| Rifleman | 15 | |
| Sorceress | 7 | |
| Priest | 2 | |
50 total
» upgrades
| Sorceress Training | 2 | |
| Priest Training | 2 | |
| Long Rifles | 1 | |
| Masonry | 2 | |
7 total
» buildings
| Blacksmith | 1 | |
| Barracks | 2 | |
| Farm | 11 | |
| Altar of Kings | 1 | |
| Keep | 3 | |
| Town Hall | 2 | |
| Lumber Mill | 2 | |
| Arcane Sanctum | 3 | |
| Arcane Vault | 1 | |
| Castle | 4 | |
| Scout Tower | 10 | |
| Guard Tower | 5 | |
45 total
» build order
00:38 Blacksmith
00:43 Barracks
01:08 Farm
01:30 Farm
01:45 Altar of Kings
02:05 Farm
03:03 Farm
04:09 Keep
04:10 Keep
04:58 Town Hall
05:11 Lumber Mill
05:24 Lumber Mill
05:46 Farm
06:33 Arcane Sanctum
06:37 Arcane Sanctum
07:21 Farm
07:40 Arcane Sanctum
08:12 Arcane Vault
09:18 Castle
09:18 Castle
09:19 Castle
09:19 Castle
10:06 Farm
10:10 Farm
12:57 Barracks
12:59 Farm
13:00 Farm
13:00 Farm
13:03 Scout Tower
13:03 Scout Tower
13:56 Guard Tower
13:58 Scout Tower
14:00 Scout Tower
14:00 Scout Tower
14:13 Scout Tower
14:14 Scout Tower
14:15 Scout Tower
14:16 Scout Tower
14:28 Guard Tower
14:56 Town Hall
15:12 Guard Tower
15:40 Guard Tower
15:42 Scout Tower
17:56 Guard Tower
» items
| Scroll of Regeneration | 4 | |
| Potion of Healing | 1 | |
5 total

»
Derelik (
yellow | 48 APM | 1991 actions | 41:14)
6 Death Knight
3 Death Coil
2 Unholy Aura
1 Animate Dead
2 Lich
1 Frost Nova
1 Frost Armor
1 Blademaster
1 Critical Strike
» actions
| Assign group hotkey | 29 | |
| Basic commands | 28 | |
| Build / train | 72 | |
| ESC pressed | 4 | |
| Enter build submenu | 26 | |
| Enter hero's abilities submenu | 9 | |
| Right click | 815 | |
| Select / deselect | 275 | |
| Select group hotkey | 670 | |
| Use ability | 63 | |
1991 total
» units
| Acolyte | 13 | |
| Ghoul | 3 | |
| Crypt Fiend | 11 | |
| Frost Wyrm | 7 | |
| Troll Headhunter/Berserker | 3 | |
37 total
» upgrades
| Web | 1 | |
| Freezing Breath | 1 | |
| Berserker Upgrade | 1 | |
3 total
» buildings
| Graveyard | 1 | |
| Crypt | 1 | |
| Ziggurat | 6 | |
| Altar of Darkness | 1 | |
| Tomb of Relics | 1 | |
| Nerubian Tower | 2 | |
| Halls of the Dead | 2 | |
| Black Citadel | 1 | |
| Sacrificial Pit | 1 | |
| Boneyard | 2 | |
| Spirit Tower | 2 | |
| Necropolis | 3 | |
| War Mill | 1 | |
24 total
» build order
00:14 Graveyard
00:25 Crypt
00:44 Ziggurat
01:05 Altar of Darkness
01:39 Tomb of Relics
01:49 Nerubian Tower
02:15 Ziggurat
04:34 Halls of the Dead
04:34 Halls of the Dead
04:54 Ziggurat
06:23 Ziggurat
07:01 Black Citadel
07:39 Sacrificial Pit
09:40 Boneyard
10:18 Boneyard
11:00 Ziggurat
13:23 Spirit Tower
13:25 Spirit Tower
13:35 Necropolis
14:00 Ziggurat
27:40 Necropolis
28:07 War Mill
28:38 Necropolis
» items
| Rod of Necromancy | 1 | |
| Dust of Appearance | 1 | |
| Orb of Corruption | 1 | |
| Scroll of Town Portal | 1 | |
4 total
TRUMP-PWNHILARY (
green | 66 APM | 2732 actions | 41:14)
9 Blademaster
3 Wind Walk
3 Critical Strike
1 Bladestorm
2 Mirror Image
» actions
| Assign group hotkey | 34 | |
| Basic commands | 24 | |
| Build / train | 75 | |
| Enter build submenu | 28 | |
| Enter hero's abilities submenu | 9 | |
| Give item / drop item | 5 | |
| Remove unit from queue | 1 | |
| Right click | 1283 | |
| Select / deselect | 304 | |
| Select group hotkey | 802 | |
| Use ability | 167 | |
2732 total
» units
| Peon | 10 | |
| Goblin Shredder | 2 | |
| Wind Rider | 9 | |
| Goblin Sapper | 6 | |
| Troll Batrider | 5 | |
| Raider | 1 | |
33 total
» upgrades
| Ranged Weapons | 2 | |
| Armor | 2 | |
| Reinforced Defenses | 1 | |
| Envenomed Spears | 1 | |
| Ensnare | 1 | |
| Liquid Fire | 1 | |
| Melee Weapons | 2 | |
10 total
» buildings
| Altar of Storms | 1 | |
| Orc Burrow | 8 | |
| Voodoo Lounge | 1 | |
| War Mill | 1 | |
| Stronghold | 1 | |
| Great Hall | 1 | |
| Watch Tower | 30 | |
| Fortress | 1 | |
| Beastiary | 3 | |
47 total
» build order
00:07 Altar of Storms
00:22 Orc Burrow
00:36 Voodoo Lounge
01:44 War Mill
02:09 Stronghold
02:50 Orc Burrow
03:36 Great Hall
03:44 Watch Tower
05:17 Watch Tower
05:17 Watch Tower
05:22 Watch Tower
05:37 Watch Tower
05:39 Fortress
05:58 Beastiary
06:29 Watch Tower
06:29 Watch Tower
06:47 Beastiary
06:57 Beastiary
07:12 Orc Burrow
08:23 Watch Tower
08:26 Watch Tower
08:27 Watch Tower
08:32 Watch Tower
09:53 Watch Tower
11:53 Orc Burrow
11:54 Orc Burrow
11:55 Orc Burrow
14:23 Watch Tower
14:24 Watch Tower
16:34 Watch Tower
16:35 Watch Tower
16:35 Watch Tower
16:36 Watch Tower
18:12 Watch Tower
18:12 Watch Tower
18:12 Watch Tower
18:13 Watch Tower
18:13 Watch Tower
18:14 Watch Tower
19:42 Orc Burrow
20:44 Orc Burrow
21:50 Watch Tower
21:50 Watch Tower
21:51 Watch Tower
21:53 Watch Tower
21:54 Watch Tower
21:55 Watch Tower
» items
| Healing Salve | 6 | |
| Staff of Teleportation | 1 | |
| Orb of Lightning | 1 | |
| Potion of Lesser Invulnerability | 1 | |
| Boots of Speed | 1 | |
| Scroll of Healing | 2 | |
| Scroll of Town Portal | 4 | |
16 total
Chat log
(00:04 / All) Derelik: wow who the fuck is on my team
(00:11 / All) Dario_Plsc: 2 retards
(00:12 / All) TRUMP-PWNHILARY: HAIL TRUMP
(00:18 / All) LayMyShovelDown: HAIL TRUMP
(00:19 / All) Donald.J.Trump: God Emperor Trump to you
(00:20 / All) Derelik: yo blue
(00:23 / All) Derelik: my name is dario
(00:25 / All) Donald.J.Trump: Silly cucks
(00:29 / All) TRUMP-PWNHILARY: get used to it
(00:29 / All) Dario_Plsc: nice bro
(00:34 / All) Derelik: u2?
(00:36 / All) Dario_Plsc: ya
(00:39 / All) Derelik: yeeeee
(00:42 / All) Derelik: where you from?
(00:42 / All) LayMyShovelDown: Trump is gonna be President
(00:46 / All) TRUMP-PWNHILARY: a woman cant beat trump everyone knows it
(00:49 / All) LayMyShovelDown: It's gonna be sweet
(00:53 / All) LayMyShovelDown: I'm gonna move to the States if he gets in
(00:58 / All) Donald.J.Trump: Of course Im a trump fan
(01:02 / All) Donald.J.Trump: Im human
(01:04 / All) AIDS_Bringer: is trump my king?
(01:07 / All) dontTKidiot: awesome
(01:11 / All) Donald.J.Trump: The answer is yes
(01:19 / All) Dario_Plsc: is trump really gonna win?
(01:22 / All) Donald.J.Trump: Yes
(01:23 / All) LayMyShovelDown: yeah
(01:26 / All) dontTKidiot: i sure hope so
(01:35 / All) LayMyShovelDown: Trump is going to win and make America great again
(01:43 / All) AIDS_Bringer: too bad its all scripted theater... but HAIL KING TRUMP
(01:51 / All) TRUMP-PWNHILARY: what do u mean
(01:55 / All) Donald.J.Trump: It was untul Trump arrived
(01:56 / All) Donald.J.Trump: ;)
(02:08 / All) AIDS_Bringer: hint: it still is
(02:11 / All) Donald.J.Trump: Nope
(02:14 / All) Donald.J.Trump: Youre brainwashed ;)
(02:19 / All) AIDS_Bringer: lol
(02:27 / All) Derelik: i cant tell if this is all trump sarcasm
(02:28 / All) Donald.J.Trump: Guess what, you dont know shit about who really runs stuff
(02:29 / All) Donald.J.Trump: Zionists
(02:30 / All) Donald.J.Trump: Soros ;)
(02:36 / All) LayMyShovelDown: why would it be sarcasm
(02:38 / All) AIDS_Bringer: wrong and wrong
(02:41 / All) LayMyShovelDown: Yeah pink is right
(02:42 / All) Donald.J.Trump: lol'
(02:45 / All) Donald.J.Trump: Brainwashed cuck
(02:45 / All) LayMyShovelDown: Kikes control everything
(02:51 / All) Donald.J.Trump: They do
(02:55 / All) Donald.J.Trump: Check it out
(02:58 / All) LayMyShovelDown: Trump for one isn't part of it
(03:01 / All) LayMyShovelDown: once
(03:07 / All) Donald.J.Trump: True
(03:23 / All) AIDS_Bringer: look damnit, the holocaust was created so that
(03:24 / Allies) Dario_Plsc: rofl
(03:35 / All) Donald.J.Trump: Youre exposed as a weak cuck
(03:37 / All) AIDS_Bringer: it would be in history books
(03:37 / All) Donald.J.Trump: Please dont talk
(03:45 / All) LayMyShovelDown: yeah stfu cuck
(03:46 / All) AIDS_Bringer: you know im right
(03:52 / All) Donald.J.Trump: Ok cuck
(03:57 / All) LayMyShovelDown: Holocaust is mostly all soviet invention
(03:58 / All) LayMyShovelDown: and kikes
(03:59 / All) Dario_Plsc: nerd figt
(04:13 / All) LayMyShovelDown: was all built after the war
(04:24 / All) AIDS_Bringer: the holocaust did not happen because hittler hated jews, the holocaust happened so that it would be in history textbooks and hi
(04:34 / All) AIDS_Bringer: and hisotry would be used to warp your brain
(04:37 / All) Donald.J.Trump: Cuck
(05:01 / Allies) dontTKidiot: lumber plz
(05:10 / Allies) dontTKidiot: ty
(05:14 / Allies) Dario_Plsc: gold
(05:54 / Allies) Dario_Plsc: the hacker
(05:59 / Allies) kamo-greens: coming
(06:02 / Allies) dontTKidiot: omw
(06:43 / All) Dario_Plsc: such a faggot hacker
(06:49 / All) AIDS_Bringer: um no
(07:11 / Allies) dontTKidiot: dumbass
(07:18 / All) Dario_Plsc: yeah ur right
(07:23 / All) Dario_Plsc: ur to bad
(07:53 / Allies) Dario_Plsc: hit expo
(07:55 / Allies) Dario_Plsc: come teal
(07:55 / Allies) dontTKidiot: lumber plz
(09:48 / Allies) LayMyShovelDown: my base
(09:57 / Allies) Dario_Plsc: red
(09:57 / Allies) dontTKidiot: omw
(10:17 / Allies) LayMyShovelDown: ty
(10:50 / Allies) Dario_Plsc: gold
(11:24 / Allies) Dario_Plsc: why fight there
(11:38 / Allies) Dario_Plsc: gg
(11:44 / Allies) dontTKidiot: its not gg
(11:46 / Allies) LayMyShovelDown: not over yet
(11:47 / Allies) LayMyShovelDown: lol
(12:05 / Allies) Dario_Plsc: gg
(12:10 / Allies) LayMyShovelDown: pussy lol
(12:28 / Allies) kamo-greens: teal base siting nice
(12:34 / Allies) LayMyShovelDown: I'm harassing
(12:36 / Allies) LayMyShovelDown: 33
(12:41 / Allies) LayMyShovelDown: and building up
(12:53 / Allies) dontTKidiot: we are fine
(12:55 / Allies) dontTKidiot: stop freaking out
(13:01 / Allies) LayMyShovelDown: ^^^
(13:20 / Allies) Dario_Plsc: where is everyone
(13:33 / Allies) kamo-greens: back blue
(13:34 / Allies) LayMyShovelDown: attackign expos
(13:42 / Allies) Dario_Plsc: nobody here
(13:42 / Allies) Dario_Plsc: gg
(13:46 / Allies) kamo-greens: lmao
(14:20 / Allies) Dario_Plsc: tp
(14:24 / Allies) LayMyShovelDown: one sec
(14:27 / Allies) Dario_Plsc: NOW
(14:31 / Allies) dontTKidiot: tpptptp
(14:32 / Allies) dontTKidiot: tptpt
(14:33 / Allies) dontTKidiot: pttp
(14:42 / Allies) Dario_Plsc: ...
(14:54 / Allies) LayMyShovelDown: got his expo
(14:54 / Allies) Dario_Plsc: stay
(14:57 / Allies) LayMyShovelDown: and tped
(14:59 / Allies) LayMyShovelDown: and forced a tp
(15:04 / Allies) Dario_Plsc: GO
(15:04 / Allies) Dario_Plsc: NOW
(15:07 / Allies) kamo-greens: where
(15:16 / Allies) dontTKidiot: buy tps
(16:03 / Allies) Dario_Plsc: TOGETHER
(16:10 / Allies) kamo-greens: hit
(16:26 / Allies) Dario_Plsc: CHASE
(16:55 / Allies) Dario_Plsc: RAPE
(16:56 / Allies) Dario_Plsc: YWLLOE
(17:26 / Allies) Dario_Plsc: GO
(17:41 / Allies) Dario_Plsc: GI
(17:42 / Allies) Dario_Plsc: GO
(18:31 / Allies) kamo-greens: main
(18:35 / Allies) Dario_Plsc: MAIN
(18:44 / All) Donald.J.Trump: Well you attacked the right guy
(18:45 / All) Donald.J.Trump: xD
(18:46 / All) Donald.J.Trump: Well done
(18:48 / All) Donald.J.Trump: You found me
(18:57 / All) Donald.J.Trump: The rest of the team is no challenge
(19:00 / All) Donald.J.Trump: gg
(19:03 / Allies) Dario_Plsc: gold me
(19:20 / Allies) Dario_Plsc: gold
(19:24 / Allies) kamo-greens: good work green
(19:34 / All) Dario_Plsc: good work bm fags
(20:25 / Allies) Dario_Plsc: help
(20:34 / Allies) Dario_Plsc: wtf
(20:52 / Allies) Dario_Plsc: fucking faggot
(20:55 / Allies) Dario_Plsc: is tking
(21:01 / Allies) kamo-greens: ?
(21:03 / Allies) Dario_Plsc: teal
(21:04 / Allies) Dario_Plsc: is tking
(21:10 / Allies) LayMyShovelDown: what's it to you pal
(21:27 / Allies) Dario_Plsc: fucking faggot
(21:43 / Allies) kamo-greens: why tk
(21:46 / Allies) Dario_Plsc: he a faggot
(21:48 / Allies) kamo-greens: let me guess
(21:52 / Allies) LayMyShovelDown: sure
(21:53 / Allies) LayMyShovelDown: guess
(21:54 / Allies) kamo-greens: he is playing to accounts
(21:56 / Allies) LayMyShovelDown: you have my permission
(22:05 / All) LayMyShovelDown: Fucking clicked that tp
(22:08 / All) LayMyShovelDown: I hate ladder latency
(22:12 / All) Dario_Plsc: stfu faggot
(22:20 / Allies) Dario_Plsc: hit d
(22:22 / Allies) Dario_Plsc: dont save him
(22:55 / Allies) Dario_Plsc: ignore teal
(25:12 / Allies) kamo-greens: comin
(25:42 / Allies) Dario_Plsc: go
(25:49 / All) Dario_Plsc: Teal tked btw
(25:51 / All) Dario_Plsc: u won
(25:58 / All) TRUMP-PWNHILARY: we raped u already lol
(26:07 / All) Dario_Plsc: whatever
(26:09 / All) Dario_Plsc: teal tked
(26:11 / All) Dario_Plsc: like 10 mins ago
(26:11 / All) Dario_Plsc: stfu
(26:13 / All) LayMyShovelDown: nice well autoheal lol
(26:17 / All) LayMyShovelDown: thanks for the moonjuice pal
(26:19 / All) TRUMP-PWNHILARY: leave loser
(26:22 / All) TRUMP-PWNHILARY: we beat u along time ago
(26:55 / Allies) dontTKidiot: the douche bag left
(26:57 / Allies) dontTKidiot: now play teal
(27:08 / Allies) LayMyShovelDown: I'm playing
(27:10 / Allies) LayMyShovelDown: playing you guys
(28:07 / Allies) kamo-greens: fucking americans
(28:11 / Allies) LayMyShovelDown: I'm not an American
(28:22 / Allies) kamo-greens: well your a true fuck boy
(28:25 / Allies) LayMyShovelDown: but I hope to become one
(28:28 / Allies) LayMyShovelDown: when I move to the good ol' USA
(33:26 / All) TRUMP-PWNHILARY: yellow?
(33:49 / All) TRUMP-PWNHILARY: 26:55 / Allies) Derelik: i will fuckin butt rape you boy
(33:50 / All) TRUMP-PWNHILARY: 26:55 / Allies) Derelik: i will fuckin butt rape you boy
(34:04 / All) LayMyShovelDown: lol
(34:22 / All) TRUMP-PWNHILARY: All) Derelik: alright im not gonna ply into your games anymore
(35:00 / All) TRUMP-PWNHILARY: yellow is a bad person, he said he would rape me
(35:13 / All) LayMyShovelDown: what a pig
(35:24 / All) LayMyShovelDown: Rape is wrong yellow
(35:36 / All) LayMyShovelDown: you should go talk to a counsellor
(35:44 / All) LayMyShovelDown: that's a serious problem
(36:22 / All) TRUMP-PWNHILARY: standoff purple vs yellow?
(36:27 / All) LayMyShovelDown: yeh
(37:16 / All) LayMyShovelDown: I have a + 23 bm lol
(37:20 / All) LayMyShovelDown: this map is so easy to get insane bms on
(37:21 / All) LayMyShovelDown: and heroes
(37:25 / All) LayMyShovelDown: the marketplaces are sweet
(37:34 / All) LayMyShovelDown: I wish more maps had that
(37:44 / All) LayMyShovelDown: what doesn't make sense is there's no marketplaces on market square
(37:48 / All) TRUMP-PWNHILARY: i had no items but leveled fast cuz pink oj lost their heroes in that battle at reds expo
(37:50 / All) TRUMP-PWNHILARY: and i got all exp
(38:04 / All) LayMyShovelDown: did you see when I killed pink's expo
(38:08 / All) LayMyShovelDown: I got it the very last second adn tped lol
(38:09 / All) LayMyShovelDown: that was sick
(38:28 / All) TRUMP-PWNHILARY: yellow fucked us by tping to it
(38:31 / All) LayMyShovelDown: my team's all 0 food I think
(38:34 / All) TRUMP-PWNHILARY: his expo i think
(38:36 / All) LayMyShovelDown: except me
(39:32 / All) TRUMP-PWNHILARY: yellow vs purple- whoever keeps their computer/internet on longest, gets the win
(41:02 / All) LayMyShovelDown: gl
(41:07 / All) TRUMP-PWNHILARY: gl gentlemen we'll whispe ru tomorrow if game is still on
(41:08 / All) LayMyShovelDown: have fun